HBL
SAVANNAH SWAMP FOXES @ BUFFALO BISONS
05/11/1997
 
TOP OF THE 1ST
Savannah Swamp Foxes batting - Pitching for Buffalo Bisons : RHP Mike Williams
Pitching: RHP Mike Williams
Batting: LHB Tony Longmire 0-0: Ball
1-0: Called Strike
1-1: Called Strike
1-2: Ball
2-2: Ball
3-2: Base on Balls
Batting: LHB Jacob Cruz 0-0: Ball
1-0: Called Strike
1-1: Foul Ball, location: 2F
1-2: SINGLE (Line Drive, 4D, EV 101.9 MPH)
Tony Longmire to second
Batting: SHB Greg Norton 0-0: Swinging Strike
0-1: Ball
1-1: Ball
2-1: Swinging Strike
2-2: Foul Ball, location: 2F
2-2: Foul Ball, location: 2F
2-2: Ball
3-2: Foul Ball, location: 2F
3-2: Strikes out swinging
Batting: RHB Jimmy Hurst 0-0: Ball
1-0: Fly out, F8 (Flyball, 8LS, EV 85.0 MPH)
Batting: LHB Jack Howell 0-0: Ground out 4-3 (Groundball, 4, EV 103.8 MPH)
Top of the 1st over - 0 runs, 1 hit, 0 errors, 2 left on base; Savannah 0 - Buffalo 0
BOTTOM OF THE 1ST
Buffalo Bisons batting - Pitching for Savannah Swamp Foxes : RHP John Wasdin
Pitching: RHP John Wasdin
Batting: SHB Roger Cedeno 0-0: Ball
1-0: Fly out, F8 (Flyball, 8LS, EV 90.0 MPH)
Batting: SHB Enrique Wilson 0-0: Fly out, F7 (Line Drive, 7, EV 97.5 MPH)
Batting: LHB Matt Stairs 0-0: Ball
1-0: Ball
2-0: Ball
3-0: Called Strike
3-1: Fly out, F8 (Flyball, 78D, EV 102.5 MPH)
Bottom of the 1st over - 0 runs, 0 hits, 0 errors, 0 left on base; Savannah 0 - Buffalo 0
TOP OF THE 2ND
Savannah Swamp Foxes batting - Pitching for Buffalo Bisons : RHP Mike Williams
Batting: RHB Izzy Molina 0-0: Called Strike
0-1: Ground out 6-3 (Groundball, 56, EV 89.4 MPH)
Batting: LHB Koji Goto 0-0: Ball
1-0: Ball
2-0: Ball
3-0: Called Strike
3-1: Fly out, F7 (Flyball, 7S, EV 88.8 MPH)
Batting: RHB Andy Sheets 0-0: Ball
1-0: Ball
2-0: Called Strike
2-1: Ground out 6-3 (Groundball, 6, EV 95.0 MPH)
Top of the 2nd over - 0 runs, 0 hits, 0 errors, 0 left on base; Savannah 0 - Buffalo 0
BOTTOM OF THE 2ND
Buffalo Bisons batting - Pitching for Savannah Swamp Foxes : RHP John Wasdin
Batting: RHB Kevin Young 0-0: Called Strike
0-1: Foul Ball, location: 2F
0-2: Ball
1-2: Ball
2-2: Fly out, F9 (Line Drive, 9, EV 95.0 MPH)
Batting: RHB Eddie Zambrano 0-0: Foul Ball, location: 2F
0-1: Ball
1-1: Swinging Strike
1-2: Ball
2-2: Strikes out swinging
Batting: RHB Manny Martinez 0-0: Ball
1-0: Called Strike
1-1: Swinging Strike
1-2: Foul Ball, location: 2F
1-2: Foul Ball, location: 2F
1-2: Fly out, F3 (Line Drive, 3, EV 68.8 MPH)
Bottom of the 2nd over - 0 runs, 0 hits, 0 errors, 0 left on base; Savannah 0 - Buffalo 0
TOP OF THE 3RD
Savannah Swamp Foxes batting - Pitching for Buffalo Bisons : RHP Mike Williams
Batting: RHB Masahiro Kawai 0-0: Called Strike
0-1: Foul Ball, location: 2F
0-2: Ball
1-2: Ball
2-2: Ground out 6-3 (Groundball, 6, EV 88.1 MPH)
Batting: LHB Tony Longmire 0-0: Called Strike
0-1: Ball
1-1: Swinging Strike
1-2: Ball
2-2: Ball
3-2: Ground out 1-3 (Groundball, 13, EV 83.1 MPH)
Batting: LHB Jacob Cruz 0-0: Ball
1-0: SINGLE (Groundball, 56D, EV 101.9 MPH)
Batting: SHB Greg Norton 0-0: SINGLE (Flyball, 78M, EV 92.5 MPH)
Jacob Cruz to second
Batting: RHB Jimmy Hurst 0-0: Called Strike
0-1: Ball
1-1: Foul Ball, location: 2F
1-2: Strikes out swinging
Top of the 3rd over - 0 runs, 2 hits, 0 errors, 2 left on base; Savannah 0 - Buffalo 0
BOTTOM OF THE 3RD
Buffalo Bisons batting - Pitching for Savannah Swamp Foxes : RHP John Wasdin
Batting: RHB Tim Spehr 0-0: Ball
1-0: Ball
2-0: Called Strike
2-1: Ball
3-1: Base on Balls
Batting: SHB David Howard 0-0: Called Strike
0-1: Ball
1-1: Fly out, F7 (Flyball, 78M, EV 77.5 MPH)
Batting: RHB Robert Eenhoorn 0-0: Ball
1-0: Ball
2-0: Fielders Choice at 2nd, 6-4 (Groundball, 6, EV 97.5 MPH)
Batting: SHB Roger Cedeno Pickoff Throw to First - Error! E1
Robert Eenhoorn to second
0-0: Called Strike
0-1: Ball
1-1: Reached on error, E6 (Groundball, 6, EV 83.8 MPH)
Robert Eenhoorn scores
Batting: SHB Enrique Wilson 0-0: Ball
1-0: Called Strike
1-1: Foul Ball, location: 2F
1-2: Ball
2-2: Foul Ball, location: 2F
2-2: Ball
3-2: Ground out 4-3 (Groundball, 34D, EV 82.5 MPH)
Bottom of the 3rd over - 1 run, 0 hits, 2 errors, 1 left on base; Savannah 0 - Buffalo 1
TOP OF THE 4TH
Savannah Swamp Foxes batting - Pitching for Buffalo Bisons : RHP Mike Williams
Batting: LHB Jack Howell 0-0: Swinging Strike
0-1: Ball
1-1: Foul Ball, location: 2F
1-2: Strikes out swinging
Batting: RHB Izzy Molina 0-0: Ground out 5-3 (Groundball, 56S, EV 72.5 MPH)
Batting: LHB Koji Goto 0-0: Ball
1-0: Ball
2-0: Ball
3-0: Called Strike
3-1: Called Strike
3-2: SINGLE (Groundball, 34D, EV 101.9 MPH)
Batting: RHB Andy Sheets 0-0: Ball
1-0: Ball
2-0: Foul Ball, location: 2F
2-1: DOUBLE (Line Drive, 9LS, EV 108.1 MPH)
Koji Goto to third
Runner from 3rd tries for Home, SAFE, throw by RF to home
Batting: RHB Masahiro Kawai 0-0: Called Strike
0-1: Ball
1-1: Ball
2-1: Fly out, F9 (Flyball, 89M, EV 93.1 MPH)
Top of the 4th over - 1 run, 2 hits, 0 errors, 1 left on base; Savannah 1 - Buffalo 1
BOTTOM OF THE 4TH
Buffalo Bisons batting - Pitching for Savannah Swamp Foxes : RHP John Wasdin
Batting: LHB Matt Stairs 0-0: Foul Ball, location: 2F
0-1: Foul Ball, location: 2F
0-2: Foul Ball, location: 2F
0-2: Foul Ball, location: 2F
0-2: Ball
1-2: Ground out 4-3 (Groundball, 4, EV 90.6 MPH)
Batting: RHB Kevin Young 0-0: Called Strike
0-1: Fly out, F8 (Flyball, 8LM, EV 90.6 MPH)
Batting: RHB Eddie Zambrano 0-0: Ball
1-0: Swinging Strike
1-1: Ball
2-1: Swinging Strike
2-2: Strikes out swinging
Bottom of the 4th over - 0 runs, 0 hits, 0 errors, 0 left on base; Savannah 1 - Buffalo 1
TOP OF THE 5TH
Savannah Swamp Foxes batting - Pitching for Buffalo Bisons : RHP Mike Williams
Batting: LHB Tony Longmire 0-0: Fly out, F8 (Flyball, 8RS, EV 80.6 MPH)
Batting: LHB Jacob Cruz 0-0: Swinging Strike
0-1: Ball
1-1: Ball
2-1: Ball
3-1: SINGLE (Groundball, 56, EV 91.3 MPH) (infield hit)
Batting: SHB Greg Norton 0-0: Ball
1-0: Ball
2-0: Ball
3-0: Base on Balls
Jacob Cruz to second
Batting: RHB Jimmy Hurst 0-0: Foul Ball, location: 2F
0-1: Called Strike
0-2: SINGLE (Groundball, 6MD, EV 94.4 MPH)
Jacob Cruz to third
Greg Norton to second
Runner from 3rd tries for Home, SAFE, throw by CF to home
Batting: LHB Jack Howell 0-0: Foul Ball, location: 2F
0-1: Ball
1-1: Ball
2-1: SINGLE (Groundball, 6M, EV 82.5 MPH) (infield hit)
Greg Norton to third
Jimmy Hurst to second
Batting: RHB Izzy Molina 0-0: Called Strike
0-1: Called Strike
0-2: Ball
1-2: Ball
2-2: SINGLE (Groundball, 6MD, EV 100.0 MPH)
Greg Norton scores
Jimmy Hurst to third
Jack Howell to second
Runner from 3rd tries for Home, SAFE, throw by CF to home
Batting: LHB Koji Goto 0-0: Foul Ball, location: 2F
0-1: Foul Ball, location: 2F
0-2: Foul Ball, location: 2F
0-2: Foul Ball, location: 2F
0-2: Strikes out swinging
Batting: RHB Andy Sheets 0-0: Called Strike
0-1: Ball
1-1: Foul Ball, location: 2F
1-2: Strikes out looking
Top of the 5th over - 3 runs, 4 hits, 0 errors, 2 left on base; Savannah 4 - Buffalo 1
BOTTOM OF THE 5TH
Buffalo Bisons batting - Pitching for Savannah Swamp Foxes : RHP John Wasdin
Batting: RHB Manny Martinez 0-0: Fly out, F9 (Flyball, 89D, EV 82.5 MPH)
Batting: RHB Tim Spehr 0-0: Foul Ball, location: 2F
0-1: Swinging Strike
0-2: Strikes out swinging
Batting: SHB David Howard 0-0: Ball
1-0: Reached on error, E4 (Groundball, 4, EV 78.8 MPH)
Batting: RHB Robert Eenhoorn 0-0: Ball
1-0: Called Strike
1-1: Ball
2-1: Foul Ball, location: 2F
2-2: Ball
3-2: Foul Ball, location: 2F
3-2: Foul Ball, location: 2F
3-2: SINGLE (Line Drive, 56D, EV 94.4 MPH)
David Howard to second
David Howard to third
Batting: SHB Roger Cedeno 0-0: Ball
1-0: Ball
2-0: Ball
3-0: Base on Balls
Robert Eenhoorn to second
Batting: SHB Enrique Wilson 0-0: Ball
1-0: SINGLE (Line Drive, 78S, EV 109.4 MPH)
David Howard scores
Robert Eenhoorn to third
Roger Cedeno to second
Runner from 3rd tries for Home, SAFE, throw by LF to home
Batting: LHB Matt Stairs 0-0: Ball
1-0: Ball
2-0: Called Strike
2-1: Ball
3-1: Fly out, F9 (Flyball, 89M, EV 88.8 MPH)
Bottom of the 5th over - 2 runs, 2 hits, 1 error, 2 left on base; Savannah 4 - Buffalo 3
TOP OF THE 6TH
Savannah Swamp Foxes batting - Pitching for Buffalo Bisons : RHP Mike Williams
Pitching: RHP Andres Berumen
Batting: RHB Masahiro Kawai 0-0: Foul Ball, location: 2F
0-1: Foul Ball, location: 2F
0-2: Ball
1-2: Strikes out swinging
Batting: LHB Tony Longmire 0-0: Foul Ball, location: 2F
0-1: Ball
1-1: Fly out, F7 (Flyball, 7LS, EV 74.4 MPH)
Batting: LHB Jacob Cruz 0-0: Fly out, F9 (Flyball, 9D, EV 102.5 MPH)
Top of the 6th over - 0 runs, 0 hits, 0 errors, 0 left on base; Savannah 4 - Buffalo 3
BOTTOM OF THE 6TH
Buffalo Bisons batting - Pitching for Savannah Swamp Foxes : RHP John Wasdin
Batting: RHB Kevin Young 0-0: Ball
1-0: Swinging Strike
1-1: Called Strike
1-2: Fly out, F8 (Flyball, 8LS, EV 93.1 MPH)
Batting: RHB Eddie Zambrano 0-0: Swinging Strike
0-1: Called Strike
0-2: Ball
1-2: Foul Ball, location: 2F
1-2: Ball
2-2: Strikes out swinging
Batting: RHB Manny Martinez 0-0: Ball
1-0: Fly out, F9 (Line Drive, 9, EV 91.9 MPH)
Bottom of the 6th over - 0 runs, 0 hits, 0 errors, 0 left on base; Savannah 4 - Buffalo 3
TOP OF THE 7TH
Savannah Swamp Foxes batting - Pitching for Buffalo Bisons : RHP Andres Berumen
Batting: SHB Greg Norton 0-0: Swinging Strike
0-1: Swinging Strike
0-2: Ball
1-2: Strikes out swinging
Batting: RHB Jimmy Hurst 0-0: Ball
1-0: Called Strike
1-1: Called Strike
1-2: Foul Ball, location: 2F
1-2: Strikes out swinging, 2-3 out at first.
Batting: LHB Jack Howell 0-0: Foul Ball, location: 2F
0-1: Swinging Strike
0-2: Foul Ball, location: 2F
0-2: Ball
1-2: Ball
2-2: Ball
3-2: Fly out, F7 (Flyball, 78M, EV 76.3 MPH)
Top of the 7th over - 0 runs, 0 hits, 0 errors, 0 left on base; Savannah 4 - Buffalo 3
BOTTOM OF THE 7TH
Buffalo Bisons batting - Pitching for Savannah Swamp Foxes : RHP John Wasdin
Batting: RHB Tim Spehr 0-0: Swinging Strike
0-1: Fly out, F5 (Popup, 5F, EV 55.0 MPH)
Batting: SHB David Howard 0-0: Ball
1-0: Ground out 4-3 (Groundball, 4M, EV 99.4 MPH)
Batting: RHB Robert Eenhoorn 0-0: Ball
1-0: Ball
2-0: Called Strike
2-1: Ball
3-1: Fly out, F4 (Popup, 3S, EV 78.8 MPH)
Bottom of the 7th over - 0 runs, 0 hits, 0 errors, 0 left on base; Savannah 4 - Buffalo 3
TOP OF THE 8TH
Savannah Swamp Foxes batting - Pitching for Buffalo Bisons : RHP Andres Berumen
Batting: RHB Izzy Molina 0-0: Ball
1-0: SINGLE (Flyball, 5D, EV 98.8 MPH)
Pitching: RHP Mike Cook
Batting: LHB Koji Goto 0-0: Ball
1-0: Sac Bunt to 5S - play at first, batter OUT! 5-4
Izzy Molina to second
Batting: RHB Andy Sheets 0-0: Intentional Walk
Batting: RHB Masahiro Kawai 0-0: Ball
1-0: Ball
2-0: Swinging Strike
2-1: Ball
3-1: Grounds into double play, 1-6-3 (Groundball, 13, EV 93.8 MPH)
Top of the 8th over - 0 runs, 1 hit, 0 errors, 1 left on base; Savannah 4 - Buffalo 3
BOTTOM OF THE 8TH
Buffalo Bisons batting - Pitching for Savannah Swamp Foxes : RHP John Wasdin
Batting: SHB Roger Cedeno 0-0: Foul Ball, location: 2F
0-1: Ball
1-1: Ball
2-1: Ball
3-1: Called Strike
3-2: Strikes out swinging
Batting: SHB Enrique Wilson 0-0: Ground out 5-3 (Groundball, 56, EV 85.0 MPH)
Batting: LHB Matt Stairs 0-0: Ball
1-0: Ball
2-0: Foul Ball, location: 2F
2-1: Swinging Strike
2-2: Fly out, F7 (Line Drive, 7, EV 102.5 MPH)
Bottom of the 8th over - 0 runs, 0 hits, 0 errors, 0 left on base; Savannah 4 - Buffalo 3
TOP OF THE 9TH
Savannah Swamp Foxes batting - Pitching for Buffalo Bisons : RHP Mike Cook
Batting: LHB Tony Longmire 0-0: Ball
1-0: Ball
2-0: Ball
3-0: Called Strike
3-1: Foul Ball, location: 2F
3-2: Foul Ball, location: 2F
3-2: Strikes out looking
Batting: LHB Jacob Cruz 0-0: Called Strike
0-1: Foul Ball, location: 2F
0-2: Ball
1-2: Hit by Pitch
Batting: SHB Greg Norton 0-0: Called Strike
0-1: Called Strike
0-2: Strikes out looking
Batting: RHB Jimmy Hurst 0-0: Fly out, F7 (Flyball, 7LDF, EV 100.0 MPH)
Top of the 9th over - 0 runs, 0 hits, 0 errors, 1 left on base; Savannah 4 - Buffalo 3
BOTTOM OF THE 9TH
Buffalo Bisons batting - Pitching for Savannah Swamp Foxes : RHP John Wasdin
Pitching: RHP Jay Powell
Now at 3B: Kazuhiko Shiotani
Batting: RHB Kevin Young 0-0: Called Strike
0-1: Ball
1-1: Foul Ball, location: 2F
1-2: Ball
2-2: Ball
3-2: SINGLE (Line Drive, 8LS, EV 95.0 MPH)
Batting: RHB Eddie Zambrano 0-0: Ball
1-0: Reached on error, E2 (Groundball, 15S, EV 65.6 MPH)
Kevin Young to third
Batting: RHB Manny Martinez 0-0: Called Strike
0-1: Ball
1-1: Ball
2-1: Ball
3-1: Swinging Strike
3-2: Strikes out swinging
Batting: RHB Tim Spehr 0-0: Intentional Walk
Pitching: RHP Johnny Ruffin
Pinch Hitting: RHB James Mouton 0-0: Ball
1-0: Foul Ball, location: 2F
1-1: Swinging Strike
1-2: Grounds into fielders choice 5-2 (Groundball, 56S, EV 91.3 MPH)
Eddie Zambrano to third
Tim Spehr to second
Pinch Hitting: SHB Gregg Zaun 0-0: Ball
1-0: Ball
2-0: Ball
3-0: Called Strike
3-1: Foul Ball, location: 2F
3-2: Ground out 4-3 (Groundball, 4, EV 102.5 MPH)
Bottom of the 9th over - 0 runs, 1 hit, 1 error, 3 left on base; Savannah 4 - Buffalo 3
Monday, February 9th, 2026 - OOTP Baseball 20.8 Build 74